TOP OF THE 1ST |
Butte Copper Kings batting - Pitching for Ogden Spikes : RHP Richard Saavedra
|
Pitching: RHP Richard Saavedra
|
|
Batting: LHB Larry Jackson
|
0-0: Called Strike 0-1: Ball 1-1: SINGLE (Groundball, 6M, EV 92.5 MPH) (infield hit)
|
Batting: LHB David Dillard
|
0-0: Ball 1-0: Called Strike 1-1: Ball 2-1: Ball 3-1: Base on Balls Larry Jackson to second
|
Batting: SHB Pat Bone
|
0-0: Swinging Strike 0-1: Fielders Choice at 2nd, 5-4 (Groundball, 15, EV 92.5 MPH) Larry Jackson to third
|
Batting: RHB William Allen
|
0-0: Called Strike 0-1: Ball 1-1: Swinging Strike 1-2: Ground out 6-3 (Groundball, 6MS, EV 86.9 MPH) Larry Jackson scores Pat Bone to second
|
Batting: RHB Russ Anglin
|
0-0: Ball 1-0: Ball 2-0: Ball 3-0: Base on Balls
|
Batting: RHB Jose Matos
|
0-0: Ball 1-0: Foul Ball, location: 2F 1-1: Ball 2-1: Foul Ball, location: 2F 2-2: Strikes out swinging
|
Top of the 1st over - 1 run, 1 hit, 0 errors, 2 left on base; Butte 1 - Ogden 0 |
BOTTOM OF THE 1ST |
Ogden Spikes batting - Pitching for Butte Copper Kings : LHP Richard Garcia
|
Pitching: LHP Richard Garcia
|
|
Batting: RHB Jeffrey Smith
|
0-0: Called Strike 0-1: Fly out, F4 (Popup, 34, EV 61.3 MPH)
|
Batting: LHB Lenny Harris
|
0-0: Called Strike 0-1: Ground out 5-3 (Groundball, 56, EV 88.1 MPH)
|
Batting: RHB Ken Jackson
|
0-0: Ball 1-0: Foul Ball, location: 2F 1-1: Foul Ball, location: 2F 1-2: Foul Ball, location: 2F 1-2: Ball 2-2: Ball 3-2: Fly out, F9 (Flyball, 9D, EV 85.6 MPH)
|
Bottom of the 1st over - 0 runs, 0 hits, 0 errors, 0 left on base; Butte 1 - Ogden 0 |
TOP OF THE 2ND |
Butte Copper Kings batting - Pitching for Ogden Spikes : RHP Richard Saavedra
|
Batting: LHB Colin Sullivan
|
0-0: Called Strike 0-1: Foul Ball, location: 2F 0-2: Fly out, F5 (Popup, 5SF, EV 68.1 MPH)
|
Batting: RHB Jose Escobar
|
0-0: Called Strike 0-1: Called Strike 0-2: Foul Ball, location: 2F 0-2: Fly out, F9 (Flyball, 89M, EV 82.5 MPH)
|
Batting: RHB Kenny Clark
|
0-0: Ball 1-0: Ball 2-0: SINGLE (Flyball, 34D, EV 96.3 MPH)
|
Batting: LHB Larry Jackson
|
0-0: Ground out 6-3 (Groundball, 6, EV 99.4 MPH)
|
Top of the 2nd over - 0 runs, 1 hit, 0 errors, 1 left on base; Butte 1 - Ogden 0 |
BOTTOM OF THE 2ND |
Ogden Spikes batting - Pitching for Butte Copper Kings : LHP Richard Garcia
|
Batting: RHB Mike Robinson
|
0-0: Ball 1-0: Ball 2-0: SINGLE (Line Drive, 6MD, EV 103.8 MPH)
|
Batting: LHB Roberto Casasnovas
|
0-0: Ball 1-0: SINGLE (Groundball, 34D, EV 101.3 MPH) Mike Robinson to second Runner from 2nd tries for 3rd, SAFE, no throw by RF
|
Batting: LHB Sam Nattile
|
0-0: Foul Ball, location: 2F 0-1: Ball 1-1: SINGLE (Line Drive, 5D, EV 94.4 MPH) Mike Robinson scores Roberto Casasnovas to second
|
Batting: LHB Marvin Parker
|
0-0: Ball 1-0: Ball 2-0: Ball 3-0: Called Strike 3-1: Hit by Pitch Roberto Casasnovas to third Sam Nattile to second
|
Batting: SHB Mark Lemke
|
0-0: Called Strike 0-1: Swinging Strike 0-2: Foul Ball, location: 2F 0-2: Strikes out swinging
|
Batting: RHB Wilfredo Tejada
|
0-0: Called Strike 0-1: Called Strike 0-2: Fielders Choice at 2nd, U6 (Groundball, 4M, EV 84.4 MPH) Roberto Casasnovas scores Sam Nattile to third
|
Batting: RHB Jeffrey Smith
|
0-0: Ball 1-0: Called Strike 1-1: Fly out, F9 (Flyball, 89S, EV 81.3 MPH)
|
Bottom of the 2nd over - 2 runs, 3 hits, 0 errors, 2 left on base; Butte 1 - Ogden 2 |
TOP OF THE 3RD |
Butte Copper Kings batting - Pitching for Ogden Spikes : RHP Richard Saavedra
|
Batting: LHB David Dillard
|
0-0: Ball 1-0: Foul Ball, location: 2F 1-1: Ball 2-1: SINGLE (Groundball, 4M, EV 103.1 MPH) (infield hit)
|
Batting: SHB Pat Bone
|
0-0: Ball 1-0: Ball 2-0: Ball 3-0: Called Strike 3-1: Called Strike 3-2: Base on Balls David Dillard to second
|
Batting: RHB William Allen
|
0-0: Called Strike 0-1: Ball 1-1: Ball 2-1: Ball 3-1: Fielders Choice at 2nd, 6-4 (Groundball, 6, EV 79.4 MPH) David Dillard to third
|
Batting: RHB Russ Anglin
|
0-0: Ball 1-0: Called Strike 1-1: Swinging Strike 1-2: Ball 2-2: Ball 3-2: Base on Balls William Allen to second
|
Batting: RHB Jose Matos
|
0-0: Ball 1-0: Ball 2-0: Ball 3-0: Called Strike 3-1: Base on Balls David Dillard scores William Allen to third Russ Anglin to second
|
Batting: LHB Colin Sullivan
|
0-0: Hit by Pitch William Allen scores Russ Anglin to third Jose Matos to second
|
Batting: RHB Jose Escobar
|
0-0: SINGLE (Groundball, 6MD, EV 103.8 MPH) Russ Anglin scores Jose Matos to third Colin Sullivan to second Runner from 3rd tries for Home, SAFE, throw by CF to home
|
Batting: RHB Kenny Clark
|
0-0: Foul Ball, location: 2F 0-1: Called Strike 0-2: Ball 1-2: Fielders Choice at 2nd, 4-6 (Groundball, 4, EV 84.4 MPH) Colin Sullivan to third
|
Batting: LHB Larry Jackson
|
0-0: Ball 1-0: Foul Ball, location: 2F 1-1: Swinging Strike 1-2: Ball 2-2: Ball Kenny Clark steals 2nd base 3-2: Foul Ball, location: 2F 3-2: Base on Balls
|
Pitching: RHP Douglas Barba
|
|
Batting: LHB David Dillard
|
0-0: Ball 1-0: Foul Ball, location: 2F 1-1: Ball 2-1: Ball Wild Pitch! Colin Sullivan scores Kenny Clark to third Larry Jackson to second 3-1: Called Strike 3-2: Base on Balls
|
Batting: SHB Pat Bone
|
0-0: Ball 1-0: Swinging Strike 1-1: Ball 2-1: Ball 3-1: Foul Ball, location: 2F 3-2: Foul Ball, location: 2F 3-2: Strikes out swinging
|
Top of the 3rd over - 5 runs, 2 hits, 0 errors, 3 left on base; Butte 6 - Ogden 2 |
BOTTOM OF THE 3RD |
Ogden Spikes batting - Pitching for Butte Copper Kings : LHP Richard Garcia
|
Batting: LHB Lenny Harris
|
0-0: Ball 1-0: Swinging Strike 1-1: Ball 2-1: Ball 3-1: Base on Balls
|
Batting: RHB Ken Jackson
|
0-0: Ball 1-0: Called Strike 1-1: Foul Ball, location: 2F 1-2: Strikes out swinging
|
Batting: RHB Mike Robinson
|
0-0: Ball Lenny Harris is caught stealing 2nd base 2-4 1-0: Ball 2-0: Ball 3-0: Base on Balls
|
Batting: LHB Roberto Casasnovas
|
0-0: Called Strike 0-1: Ball 1-1: Foul Ball, location: 2F 1-2: Ball 2-2: Ground out 4-3 (Groundball, 4, EV 89.4 MPH)
|
Bottom of the 3rd over - 0 runs, 0 hits, 0 errors, 1 left on base; Butte 6 - Ogden 2 |
TOP OF THE 4TH |
Butte Copper Kings batting - Pitching for Ogden Spikes : RHP Douglas Barba
|
Batting: RHB William Allen
|
0-0: SINGLE (Groundball, 34S, EV 73.8 MPH) (infield hit)
|
Batting: RHB Russ Anglin
|
0-0: Called Strike 0-1: Ball 1-1: Ball Wild Pitch! William Allen to second 2-1: 2-RUN HOME RUN (Flyball, 78XD, EV 98.8 MPH), Distance : 402 ft
|
Batting: RHB Jose Matos
|
0-0: Called Strike 0-1: Fly out, F8 (Flyball, 8RD, EV 100.6 MPH)
|
Batting: LHB Colin Sullivan
|
0-0: Called Strike 0-1: Ball 1-1: Ball 2-1: Ball 3-1: Base on Balls
|
Batting: RHB Jose Escobar
|
0-0: Called Strike 0-1: Ball 1-1: Ball 2-1: Ball 3-1: Foul Ball, location: 2F 3-2: Strikes out looking
|
Batting: RHB Kenny Clark
|
0-0: Called Strike 0-1: SINGLE (Line Drive, 8RS, EV 95.0 MPH) Colin Sullivan to second Runner from 2nd tries for 3rd, OUT! 8-5
|
Top of the 4th over - 2 runs, 3 hits, 0 errors, 1 left on base; Butte 8 - Ogden 2 |
BOTTOM OF THE 4TH |
Ogden Spikes batting - Pitching for Butte Copper Kings : LHP Richard Garcia
|
Batting: LHB Sam Nattile
|
0-0: Ball 1-0: Swinging Strike 1-1: Foul Ball, location: 2F 1-2: Ground out 4-3 (Groundball, 4, EV 88.1 MPH)
|
Batting: LHB Marvin Parker
|
0-0: Called Strike 0-1: Ball 1-1: Called Strike 1-2: Ground out 4-3 (Groundball, 4, EV 83.1 MPH)
|
Batting: SHB Mark Lemke
|
0-0: Foul Ball, location: 2F 0-1: Called Strike 0-2: Ground out 5-3 (Groundball, 5S, EV 86.9 MPH)
|
Bottom of the 4th over - 0 runs, 0 hits, 0 errors, 0 left on base; Butte 8 - Ogden 2 |
TOP OF THE 5TH |
Butte Copper Kings batting - Pitching for Ogden Spikes : RHP Douglas Barba
|
Batting: LHB Larry Jackson
|
0-0: Called Strike 0-1: Ball 1-1: Swinging Strike 1-2: Foul Ball, location: 2F 1-2: SINGLE (Flyball, 5D, EV 93.1 MPH)
|
Batting: LHB David Dillard
|
0-0: Ball 1-0: Called Strike 1-1: Ball 2-1: Ball 3-1: Foul Ball, location: 2F 3-2: Fielders Choice at 2nd, 4-6 (Groundball, 34, EV 92.5 MPH)
|
Batting: SHB Pat Bone
|
0-0: Ball 1-0: Ball 2-0: Foul Ball, location: 2F 2-1: Foul Ball, location: 2F 2-2: Ball 3-2: Foul Ball, location: 2F 3-2: Base on Balls David Dillard to second
|
Batting: RHB William Allen
|
0-0: Ball 1-0: Foul Ball, location: 2F 1-1: Ball 2-1: SINGLE (Line Drive, 4MD, EV 101.9 MPH) David Dillard to third Pat Bone to second Runner from 3rd tries for Home, SAFE, throw by CF to home
|
Batting: RHB Russ Anglin
|
0-0: Ball 1-0: Ball 2-0: Ball 3-0: Base on Balls Pat Bone to third William Allen to second
|
Batting: RHB Jose Matos
|
0-0: Ball 1-0: Foul Ball, location: 2F 1-1: Foul Ball, location: 2F 1-2: Ball 2-2: Fly out, F7 (Flyball, 7LS, EV 78.8 MPH) Runner from 3rd tags up, OUT at HOME! 7-2
|
Top of the 5th over - 1 run, 2 hits, 0 errors, 2 left on base; Butte 9 - Ogden 2 |
BOTTOM OF THE 5TH |
Ogden Spikes batting - Pitching for Butte Copper Kings : LHP Richard Garcia
|
Batting: RHB Wilfredo Tejada
|
0-0: Fly out, F9 (Flyball, 9LS, EV 77.5 MPH)
|
Batting: RHB Jeffrey Smith
|
0-0: Ball 1-0: Ball 2-0: Ground out 6-3 (Groundball, P, EV 83.1 MPH)
|
Batting: LHB Lenny Harris
|
0-0: Fly out, F9 (Flyball, 9, EV 95.0 MPH)
|
Bottom of the 5th over - 0 runs, 0 hits, 0 errors, 0 left on base; Butte 9 - Ogden 2 |
TOP OF THE 6TH |
Butte Copper Kings batting - Pitching for Ogden Spikes : RHP Douglas Barba
|
Pitching: RHP Paul Wright
|
|
Batting: LHB Colin Sullivan
|
0-0: Swinging Strike 0-1: Swinging Strike 0-2: Ground out U3 (Groundball, 3, EV 85.6 MPH)
|
Batting: RHB Jose Escobar
|
0-0: Ball 1-0: Ball 2-0: Called Strike 2-1: Ground out 6-3 (Groundball, 6M, EV 101.9 MPH)
|
Batting: RHB Kenny Clark
|
0-0: SINGLE (Line Drive, 7S, EV 104.4 MPH)
|
Batting: LHB Larry Jackson
|
0-0: Ball Pickoff Throw to First - Out! 1-3
|
Top of the 6th over - 0 runs, 1 hit, 0 errors, 0 left on base; Butte 9 - Ogden 2 |
BOTTOM OF THE 6TH |
Ogden Spikes batting - Pitching for Butte Copper Kings : LHP Richard Garcia
|
Pitching: LHP Kenneth Stelly
|
|
Batting: RHB Ken Jackson
|
0-0: Ball 1-0: Called Strike 1-1: Swinging Strike 1-2: Strikes out swinging
|
Batting: RHB Mike Robinson
|
0-0: Ball 1-0: Ball 2-0: Fly out, F7 (Flyball, 7, EV 85.0 MPH)
|
Batting: LHB Roberto Casasnovas
|
0-0: Ground out 6-3 (Groundball, 6, EV 102.5 MPH)
|
Bottom of the 6th over - 0 runs, 0 hits, 0 errors, 0 left on base; Butte 9 - Ogden 2 |
TOP OF THE 7TH |
Butte Copper Kings batting - Pitching for Ogden Spikes : RHP Paul Wright
|
Batting: LHB Larry Jackson
|
0-0: Called Strike 0-1: Ball 1-1: Called Strike 1-2: Hit by Pitch
|
Batting: LHB David Dillard
|
Pickoff Throw to First - Out! 1-3 0-0: Swinging Strike 0-1: Ball 1-1: Called Strike 1-2: Ball 2-2: Ball 3-2: Base on Balls
|
Pinch Hitting: RHB Jose Rodriguez
|
0-0: Ball 1-0: SINGLE (Groundball, 56D, EV 111.3 MPH) David Dillard to second
|
Batting: RHB William Allen
|
0-0: Ball 1-0: Foul Ball, location: 2F 1-1: Grounds into double play, 5-4-3 (Groundball, 5, EV 106.3 MPH)
|
Top of the 7th over - 0 runs, 1 hit, 0 errors, 1 left on base; Butte 9 - Ogden 2 |
BOTTOM OF THE 7TH |
Ogden Spikes batting - Pitching for Butte Copper Kings : LHP Kenneth Stelly
|
Now in LF: Malcolm McLean
|
|
Batting: LHB Sam Nattile
|
0-0: Ball 1-0: Ground out 6-3 (Groundball, 6, EV 85.0 MPH)
|
Pinch Hitting: RHB Todd Johnson
|
0-0: Ground out 1-3 (Groundball, 15S, EV 71.9 MPH)
|
Batting: SHB Mark Lemke
|
0-0: Fly out, F8 (Line Drive, 8RM, EV 91.9 MPH)
|
Bottom of the 7th over - 0 runs, 0 hits, 0 errors, 0 left on base; Butte 9 - Ogden 2 |
TOP OF THE 8TH |
Butte Copper Kings batting - Pitching for Ogden Spikes : RHP Paul Wright
|
Now in LF: Todd Johnson
|
|
Batting: RHB Russ Anglin
|
0-0: Called Strike 0-1: Ball 1-1: Called Strike 1-2: Fly out, F7 (Flyball, 7LD, EV 98.1 MPH)
|
Batting: RHB Jose Matos
|
0-0: Swinging Strike 0-1: Ground out 6-3 (Groundball, 6, EV 106.9 MPH)
|
Batting: LHB Colin Sullivan
|
0-0: Ball 1-0: Ball 2-0: Ball 3-0: Called Strike 3-1: Base on Balls
|
Batting: RHB Jose Escobar
|
0-0: Swinging Strike 0-1: Ball Wild Pitch! Colin Sullivan to second 1-1: Fly out, F3 (Popup, 34, EV 65.6 MPH)
|
Top of the 8th over - 0 runs, 0 hits, 0 errors, 1 left on base; Butte 9 - Ogden 2 |
BOTTOM OF THE 8TH |
Ogden Spikes batting - Pitching for Butte Copper Kings : LHP Kenneth Stelly
|
Pinch Hitting: RHB Luis Rivera
|
0-0: Fly out, F8 (Flyball, 78D, EV 86.3 MPH)
|
Batting: RHB Jeffrey Smith
|
0-0: Ball 1-0: Fly out, F8 (Flyball, 8LXD, EV 101.9 MPH)
|
Pinch Hitting: RHB Joseph Jarrell
|
0-0: Called Strike 0-1: Ball 1-1: Ball 2-1: Ball 3-1: Fly out, F7 (Flyball, 7LS, EV 83.8 MPH)
|
Bottom of the 8th over - 0 runs, 0 hits, 0 errors, 0 left on base; Butte 9 - Ogden 2 |
TOP OF THE 9TH |
Butte Copper Kings batting - Pitching for Ogden Spikes : RHP Paul Wright
|
Now at C: Luis Rivera
|
|
Now at 3B: Joseph Jarrell
|
|
Batting: RHB Kenny Clark
|
0-0: Swinging Strike 0-1: Fly out, F8 (Flyball, 8RM, EV 88.8 MPH)
|
Batting: LHB Larry Jackson
|
0-0: Swinging Strike 0-1: Fly out, F7 (Line Drive, 7, EV 93.8 MPH)
|
Batting: LHB David Dillard
|
0-0: Swinging Strike 0-1: Hit by Pitch
|
Pinch Hitting: RHB Luis Rojas
|
0-0: Ball 1-0: Ball 2-0: Ball 3-0: Called Strike 3-1: Called Strike 3-2: Base on Balls David Dillard to second
|
Batting: RHB William Allen
|
0-0: Fielders Choice at 2nd, 6-4 (Groundball, 56, EV 110.6 MPH)
|
Top of the 9th over - 0 runs, 0 hits, 0 errors, 2 left on base; Butte 9 - Ogden 2 |
BOTTOM OF THE 9TH |
Ogden Spikes batting - Pitching for Butte Copper Kings : LHP Kenneth Stelly
|
Pitching: RHP Kevin Quirk
|
|
Now in LF: Luis Rojas
|
|
Batting: RHB Ken Jackson
|
0-0: Called Strike 0-1: Ball 1-1: Swinging Strike 1-2: Strikes out swinging
|
Batting: RHB Mike Robinson
|
0-0: Swinging Strike 0-1: Ball 1-1: Ground out 5-3 (Groundball, 15, EV 78.8 MPH)
|
Pinch Hitting: LHB Steven Neel
|
0-0: Called Strike 0-1: Fly out, F3 (Flyball, 3D, EV 85.6 MPH)
|
Bottom of the 9th over - 0 runs, 0 hits, 0 errors, 0 left on base; Butte 9 - Ogden 2 |
|